 Dungeon Crawl Stone Soup version 0.27-a0-732-ga892ba84f6 (webtiles) character file.

Game seed: 10407305963120267649

1394 tilp the Basher (level 8, -7/76 (78) HPs)
             Began as an Ogre Warper on Mar 22, 2021.
             Was a Follower of Nemelex Xobeh.
             Mangled by an orc wizard
             ... wielding a +2 dagger of electrocution
              (9 damage)
             ... on level 7 of the Dungeon on Mar 23, 2021.
             The game lasted 00:23:12 (8953 turns).

tilp the Basher (Ogre Warper)                       Turns: 8953, Time: 00:23:12

HP:   -7/76 (78)    AC:  3    Str: 16    XL:     8   Next: 68%
MP:   11/11         EV:  9    Int: 16    God:    Nemelex Xobeh [*.....]
Gold: 220           SH:  0    Dex:  8    Spells: 6/11 levels left

rFire    + . .     SeeInvis .   a - +3 flail (holy)
rCold    . . .     Faith    .   (no shield)
rNeg     . . .     Spirit   .   r - +0 robe
rPois    +         Reflect  .   (helmet restricted)
rElec    .         Harm     .   (no cloak)
rCorr    .         Rampage  .   (gloves unavailable)
Will     .....                  (boots unavailable)
Stlth    +.........             (no amulet)
HPRegen  0.22/turn              f - ring of protection from fire
MPRegen  0.12/turn              A - ring of poison resistance

@: lightly drained
A: large, unfitting armour, tough skin 1
a: Renounce Religion, Draw Escape, Draw Destruction, Draw Summoning


You were on level 7 of the Dungeon.
You worshipped Nemelex Xobeh.
Nemelex Xobeh was aware of your devotion.
You visited 2 branches of the dungeon, and saw 8 of its levels.

You collected 220 gold pieces.

Inventory:

Hand Weapons
 a - a +3 flail of holy wrath (weapon)
 b - a +0 mace of protection
 w - a +0 giant club
 F - a +0 morningstar
 G - a +0 spectral giant spiked club
Missiles
 e - 3 boomerangs of dispersal {!f}
 j - 8 boomerangs
 D - 26 poisoned darts (quivered)
Armour
 r - a +0 robe (worn)
Jewellery
 f - a ring of protection from fire (right hand)
 y - a ring of flight
 A - a ring of poison resistance (left hand)
Wands
 c - a wand of flame (1)
Scrolls
 d - a scroll of blinking
 h - a scroll of noise {unknown}
 k - a scroll of enchant weapon
 l - a scroll of enchant armour {unknown}
 m - a scroll of torment {unknown}
 n - a scroll of fog
 p - 2 scrolls of magic mapping
 s - a scroll of vulnerability {unknown}
 t - 2 scrolls of immolation
 v - 2 scrolls of fear {unknown}
 E - a scroll of summoning {unknown}
Potions
 g - 2 potions of lignification
 i - a potion of flight
 o - a potion of magic {unknown}
 q - a potion of brilliance {unknown}
 u - 2 potions of curing
 x - a potion of mutation {unknown}
 z - a potion of haste {unknown}
 B - a potion of invisibility {unknown}
 C - a potion of heal wounds {unknown}


   Skills:
 - Level 4.0 Fighting
 + Level 8.8 Maces & Flails
 - Level 1.0 Throwing
 - Level 2.1 Dodging
 - Level 2.4 Spellcasting
 - Level 2.7 Translocations
 + Level 3.9 Invocations


You had 6 spell levels left.
You knew the following spells:

 Your Spells              Type           Power      Damage    Failure   Level
a - Blink                 Tloc           N/A        N/A       10%         2
b - Teleport Other        Tloc           10%        N/A       19%         3

Your spell library contained the following spells:

 Spells                   Type           Power      Damage    Failure   Level
 Gell's Gravitas          Tloc           5%         N/A       19%         3
 Lesser Beckoning         Tloc           5%         N/A       19%         3
 Beastly Appendage        Tmut           2%         N/A       21%         1
 Wereblood                Tmut           1%         N/A       30%         2
 Spider Form              Tmut/Pois      0%         N/A       52%         3
 Manifold Assault         Tloc           10%        N/A       54%         4
 Ice Form                 Ice/Tmut       1%         N/A       89%         4
 Blade Hands              Tmut           0%         N/A       99%         5


Dungeon Overview and Level Annotations

Branches:
Dungeon (7/15)             Temple (1/1) D:5

Altars:
Ashenzari
Cheibriados
Dithmenos
Elyvilon
Fedhas
Gozag
Hepliaklqana
Kikubaaqudgha
Makhleb
Nemelex Xobeh
Okawaru
Qazlal
Ru
Sif Muna
Trog
Uskayaw
Vehumet
Wu Jian
Xom
Yredelemnul
Zin
The Shining One

Shops:
D:6 =

Annotations:
D:4 2 runed translucent doors, DOPEyDwarf's ghost, amateur DrAE
D:5 Ijyb


Innate Abilities, Weirdness & Mutations

You are too large for most types of armour.
You have tough skin. (AC +1)


Message History

The wight hits you with a +0 halberd!
You feel drained.
You closely miss the wight. The wight hits you with a +0 halberd!
You hit the wight.
The wight convulses!
The wight is severely damaged.
The wight hits you with a +0 halberd!
* * * LOW HITPOINT WARNING * * *
You hit the wight.
The wight convulses.
You destroy the wight!
Things that are here:
a +0 halberd; a +0 robe You start resting.
An orc comes into view. It is wielding a +0 hand axe.
An orc is nearby!
The orc shouts!
Unknown command.
Unknown command.
Unknown command.
An orc wizard comes into view. It is wielding a +0 dagger.
An orc wizard comes into view.
It is wielding a +2 dagger of electrocution.
The orc wizard shouts!
The orc wizard gestures at itself while chanting.
The orc wizard flickers and vanishes!
Deactivating autopickup; reactivate with Ctrl-A.
The orc wizard casts a spell at itself.
The orc wizard flickers and vanishes!
The orc hits you with a +0 hand axe.
* * * LOW HITPOINT WARNING * * *
You hit the orc.
The orc is heavily wounded.
You thump the orc!
You kill the orc!
You closely miss something. Something hits you.
* * * LOW HITPOINT WARNING * * *
You are electrocuted!
* * * LOW HITPOINT WARNING * * *
You miss something. Something hits you!
* * * LOW HITPOINT WARNING * * *
You miss something. Something hits you!
You die...
Your body disappears without a glow.

###
#.########
#........#
#.######.#
#.# #.#
#@# #.#
#)# #.#
#.#.# #.#
..#.# #.#
..#.# #.#
#.#.# #.#
#.#.# #.#
#.#.#
####.#
#.#.#
#....#


There were no monsters in sight!

Vanquished Creatures
  Eustachio (D:4)
  Menkaure (D:5)
  An ice beast (D:6)
  4 ogres
  2 bullfrogs
  A scorpion (D:5)
  A wight (D:7)
  A crimson imp (D:7)
  A centaur skeleton (D:4)
  A jelly (D:7)
  2 orc priests (D:6)
  2 iguanas (D:6)
  2 orc wizards (D:6)
  2 worker ants
  2 hound skeletons
  3 gnolls (D:4)
  3 adders
  3 white imps
  3 worms
  3 dart slugs
  13 orcs
  7 giant cockroaches
  6 goblins
  9 hobgoblins
  2 jackals (D:6)
  13 kobolds
  9 oozes
  3 quokkas
  6 ball pythons
  5 bats
  A frilled lizard (D:5)
  A quokka zombie (D:5)
  2 rats (D:1)
116 creatures vanquished.

Vanquished Creatures (others)
  An iguana (D:4)
  An orc (D:4)
  A quokka (D:4)
  2 plants (D:4)
5 creatures vanquished.

Grand Total: 121 creatures vanquished

Notes
Turn   | Place    | Note
-------+----------+-------------------------------------------
     0 | D:1      | tilp the Ogre Warper began the quest for the Orb.
     0 | D:1      | Reached XP level 1. HP: 22/22 MP: 3/3
    72 | D:1      | Reached skill level 2 in Maces & Flails
    93 | D:1      | Reached XP level 2. HP: 7/29 MP: 5/5
    96 | D:1      | Learned a level 2 spell: Blink
   988 | D:1      | Reached skill level 3 in Maces & Flails
  1048 | D:1      | Upgraded the game from 0.27-a0-705-ga0013940fb to
                  | 0.27-a0-732-ga892ba84f6
  1100 | D:2      | Reached XP level 3. HP: 28/36 MP: 6/6
  1753 | D:2      | Reached XP level 4. HP: 44/44 MP: 7/7
  2478 | D:3      | Reached skill level 4 in Maces & Flails
  2812 | D:3      | Found a shimmering blue altar of Sif Muna.
  2812 | D:3      | Found a basalt altar of Yredelemnul.
  2818 | D:3      | Found a bloodstained altar of Trog.
  2933 | D:3      | Found a sacrificial altar of Ru.
  2980 | D:3      | Reached XP level 5. HP: 50/50 MP: 8/8
  3122 | D:3      | Reached skill level 5 in Maces & Flails
  3585 | D:3      | Learned a level 3 spell: Teleport Other
  3592 | D:4      | Found a shimmering altar of Xom.
  3592 | D:4      | Noticed an ogre
  3613 | D:4      | Reached XP level 6. HP: 32/59 MP: 9/9
  3645 | D:4      | Reached skill level 6 in Maces & Flails
  4213 | D:4      | Identified the +0 pair of boots "Saekepim" {+Fly rF+}
  4852 | D:4      | Found a runed translucent door.
  4853 | D:4      | Noticed DOPEyDwarf's ghost (amateur DrAE)
  4884 | D:4      | Found a runed translucent door.
  5553 | D:5      | Entered Level 5 of the Dungeon
  5563 | D:5      | Noticed Menkaure
  5570 | D:5      | Killed Menkaure
  5571 | D:5      | Reached XP level 7. HP: 14/70 MP: 10/10
  5876 | D:5      | HP: 3/70 [white imp/puff of frost (7)]
  5878 | D:5      | Reached skill level 7 in Maces & Flails
  6324 | D:5      | Noticed Ijyb
  6339 | D:5      | Noticed Eustachio
  6708 | D:4      | Killed Eustachio
  6793 | D:5      | Found a staircase to the Ecumenical Temple.
  6812 | Temple   | Entered the Ecumenical Temple
  6886 | Temple   | Became a worshipper of Nemelex Xobeh the Trickster
  6982 | D:5      | Found a hide-covered altar of Uskayaw.
  7362 | D:6      | Reached XP level 8. HP: 43/78 MP: 11/11
  7367 | D:6      | Reached skill level 8 in Maces & Flails
  7634 | D:6      | Found a sacrificial altar of Ru.
  7667 | D:6      | Reached skill level 1 in Invocations
  8051 | D:6      | Found an iron altar of Okawaru.
  8054 | D:6      | Found a hazy altar of Hepliaklqana.
  8345 | D:6      | Found Vugusir's Jewellery Emporium.
  8411 | D:6      | Found a white marble altar of Elyvilon.
  8414 | D:6      | Found an ornate altar of the Wu Jian Council.
  8418 | D:6      | Reached * piety under Nemelex Xobeh
  8596 | D:6      | Found an opulent altar of Gozag.
  8765 | D:7      | Found a burning altar of Makhleb.
  8766 | D:7      | Found a radiant altar of Vehumet.
  8952 | D:7      | HP: 2/76 [something (7)]
  8953 | D:7      | Mangled by an orc wizard

Illustrated notes

Levels and vault maps discovered:
D:1:      eino_arrival_water_cross, layout_basic
D:2:      layout_basic, hangedman_abyss_or_decor_lesser_grid
D:3:      layout_basic, nicolae_overflow_quartered_altars, grunt_decor_cap
D:4:      corexii_shantytown, layout_basic, ebering_ghost_sewer_f,
          xom_confusion_cloud
D:5:      layout_rooms, kennysheep_mini_moat, minmay_temple_entry_mini_moons,
          minmay_misc_feat_diagonals, uniq_menkaure, uniq_ijyb, uniq_eustachio
D:6:      layout_cave_pools, nicolae_overflow_hidden_temple, serial_shops, shop,
          serial_glass, glass_columns_a, glass_columns_a,
          nicolae_ru_sacrificial_ziggurat
D:7:      layout_basic, grunt_temple_overflow_lords_of_destruction,
          doesnt_shop_hydraphobe
Temple:   cyrus_temple_forest

Skill      XL: |  1  2  3  4  5  6  7  8 |
---------------+-------------------------+-----
Maces & Flails | 2 3 4 5 6 7 8 |  8.8
Fighting       | 4 |  4.0
Invocations    | 3 |  3.9
Throwing       | |  1.0
Dodging        | |  2.1
Spellcasting   | |  2.4
Translocations | |  2.7

Action                   |  1- 3 |  4- 6 |  7- 9 || total
-------------------------+-------+-------+-------++-------
Melee: Mace              |   134 |   122 |       ||   256
       Flail             |       |    74 |   129 ||   203
Throw: Boomerang         |     2 |     4 |       ||     6
       Dart              |       |       |    19 ||    19
 Cast: Blink             |       |     1 |     4 ||     5
  Use: Scroll            |     3 |     8 |     5 ||    16
       Potion            |       |       |     2 ||     2
Armor: Robe              |    59 |    66 |    25 ||   150
Dodge: Dodged            |    70 |    84 |    52 ||   206

Table legend: (Time is in decaauts)
 A = Elapsed time spent in this place.
 B = Non-inter-level travel time spent in this place.
 C = Inter-level travel time spent in this place.
 D = Time resting spent in this place.
 E = Time spent auto-exploring this place.
 F = Levels seen in this place.
 G = Mean time per level.
                   A        B        C        D        E       F      G
               +--------+--------+--------+--------+--------+-----+--------+
         Total |   9029 |   8847 |    182 |   2964 |   4694 |   8 | 1128.6 |
       Dungeon |   8931 |   8793 |    138 |   2964 |   4643 |   7 | 1275.9 |
        Temple |     97 |     53 |     44 |      0 |     51 |   1 |   97.0 |
               +--------+--------+--------+--------+--------+-----+--------+

Top non-repeatable levels by time:
     D:4: 2149 daAuts
     D:6: 1610 daAuts
     D:3: 1481 daAuts
     D:2: 1249 daAuts
     D:1: 1096 daAuts
     D:5: 1008 daAuts
     D:7: 335 daAuts
  Temple: 97 daAuts
